 Dungeon Crawl Stone Soup version 0.23-a0-14-g8c9a20f (webtiles) character file.

200 TheOrbIsALie the Insei (level 5, -5/35 HPs)
             Began as a Demonspawn Wizard on Aug 2, 2018.
             Slain by an iron imp (9 damage)
             ... summoned by Natasha
             ... on level 2 of the Dungeon.
             The game lasted 00:03:58 (1776 turns).

TheOrbIsALie the Insei (Demonspawn Wizard)          Turns: 1776, Time: 00:03:58

Health: -5/35      AC:  7    Str:  8    XL:     5   Next: 48%
Magic:  6/10       EV: 10    Int: 20    God:
Gold:   126        SH:  0    Dex: 11    Spells: 9/10 levels left

rFire    . . .     SeeInvis .     - Unarmed
rCold    . . .     Gourm    .   (no shield)
rNeg     . . .     Faith    .   g - +0 ring mail
rPois    .         Spirit   .   b - +0 hat
rElec    .         Reflect  .   (no cloak)
rCorr    .         Harm     .   (no gloves)
MR       .....                  m - +1 pair of boots
Stlth    +.........             (no amulet)
HPRegen  0.11/turn              (no ring)
MPRegen  0.12/turn              (no ring)

@: very slightly contaminated
A: claws 1, powered by pain 2
a: no special abilities


You were on level 2 of the Dungeon.
You were hungry.

You visited 1 branch of the dungeon, and saw 2 of its levels.

You collected 126 gold pieces.

Inventory:

Armour
 a - a +0 robe
 b - a +0 hat (worn)
 g - a +0 ring mail (worn)
 m - a +1 pair of boots (worn)
Scrolls
 c - a scroll of immolation {unknown}
 e - a scroll of teleportation
 f - a scroll of remove curse {unknown}
 i - 2 scrolls of enchant weapon {unknown}
 l - a scroll of identify {unknown}
 n - a scroll of enchant armour {unknown}
Potions
 h - a potion of flight {unknown}
 j - a potion of ambrosia {unknown}
 k - a potion of heal wounds {unknown}
Comestibles
 d - 4 rations


   Skills:
 - Level 2.0 Dodging
 - Level 1.7 Stealth
 - Level 4.4 Unarmed Combat
 - Level 3.3 Spellcasting
 + Level 1.0 Conjurations
   Level 1.0 Summonings
   Level 0.8 Translocations


You had 9 spell levels left.
You knew the following spells:

 Your Spells              Type           Power        Failure   Level  Hunger
a - Magic Dart            Conj           #...         28%         1    None

Your spell library contained the following spells:

 Spells                   Type           Power        Failure   Level  Hunger
 Conjure Flame            Conj/Fire      #.......     71%         3    ###....
 Slow                     Hex            #.......     54%         2    ##.....
 Mephitic Cloud           Conj/Pois/Air  #.......     73%         3    ###....
 Blink                    Tloc           N/A          41%         2    ##.....
 Call Imp                 Summ           #.......     38%         2    ##.....


Dungeon Overview and Level Annotations

Branches:
Dungeon (2/15)

Altars:
Dithmenos
Nemelex Xobeh

Annotations:
D:2 Natasha


Innate Abilities, Weirdness & Mutations

You have sharp fingernails.
You sometimes gain power by taking damage.


Message History

Strange energies run through your body. The iron imp hits you!
Natasha claws you.
* * * LOW HITPOINT WARNING * * *
Casting: Magic Dart (safe; 28% risk of failure)
Confirm with . or Enter, or press ? or * to list all spells.
Aiming: Magic Dart (safe; 28% risk of failure)
Press: ? - help, Shift-Dir - straight line, f/p - Natasha
Aim: Natasha, carrying a wand of flame (19) (heavily wounded)
You miscast Magic Dart.
You smell something strange.
Natasha stares at you and mumbles some strange words.
You resist with some effort. The iron imp hits you.
* * * LOW HITPOINT WARNING * * *
Casting: Magic Dart (safe; 28% risk of failure)
Confirm with . or Enter, or press ? or * to list all spells.
Aiming: Magic Dart (safe; 28% risk of failure)
Press: ? - help, Shift-Dir - straight line, f/p - Natasha
Aim: Natasha, carrying a wand of flame (19) (heavily wounded)
You miscast Magic Dart.
Nothing appears to happen.
Natasha closely misses you. The iron imp hits you!
You die...

#$###### #...5@.# #.####h#
#.# #.# #######+####.#
######............#
....##...........(#
###.##............##########
.....+...............>.....#


You could see an iron imp and Natasha.

Vanquished Creatures
  Sigmund (D:2)
  An ooze (D:2)
  A dart slug (D:2)
  7 bats
  4 giant cockroaches
  5 goblins
  3 hobgoblins
  2 jackals (D:2)
  7 kobolds
  4 frilled lizards
  8 rats
43 creatures vanquished.

Notes
Turn   | Place    | Note
-------+----------+-------------------------------------------
     0 | D:1      | TheOrbIsALie the Demonspawn Wizard began the quest for the Orb.
     0 | D:1      | Reached XP level 1. HP: 13/13 MP: 4/4
   203 | D:1      | Gained mutation: You have sharp fingernails. [demonic ancestry]
   203 | D:1      | Reached XP level 2. HP: 19/19 MP: 0/6
   462 | D:1      | Reached skill level 1 in Unarmed Combat
   648 | D:1      | Found a sparkling altar of Nemelex Xobeh.
  1117 | D:2      | Gained mutation: You sometimes gain a little power by taking damage. [demonic ancestry]
  1117 | D:2      | Reached XP level 3. HP: 22/24 MP: 1/7
  1232 | D:2      | Reached skill level 2 in Unarmed Combat
  1378 | D:2      | Found a shadowy altar of Dithmenos.
  1457 | D:2      | Noticed Sigmund
  1675 | D:2      | Killed Sigmund
  1675 | D:2      | Reached skill level 4 in Unarmed Combat
  1675 | D:2      | Gained mutation: You sometimes gain power by taking damage. [demonic ancestry]
  1675 | D:2      | Reached XP level 4. HP: 19/30 MP: 9/9
  1675 | D:2      | Reached XP level 5. HP: 22/35 MP: 10/10
  1744 | D:2      | Noticed Natasha
  1776 | D:2      | Slain by an iron imp

Vault maps used:
D:1:      enne_arrival_octagon_isle, nemelex_xobeh_ov_fountains_minmay
D:2:      grunt_dithmenos_smoke, uniq_sigmund, uniq_natasha

Skill      XL: |  1  2  3 |
---------------+----------+-----
Dodging        | 2 |  2.0
Unarmed Combat | 1 4 |  4.4
Stealth        | |  1.7
Spellcasting   | |  3.3
Conjurations   | |  1.0
Summonings     | |  1.0
Translocations | |  0.8

Action                   |  1- 3 |  4- 6 || total
-------------------------+-------+-------++-------
Melee: Unarmed           |   163 |     2 ||   165
 Cast: Magic Dart        |    36 |     1 ||    37
  Use: Potion            |     3 |       ||     3
       Scroll            |     1 |       ||     1
  Eat: Chunk             |     2 |       ||     2
Armor: Robe              |     8 |       ||     8
       Ring mail         |    47 |       ||    47
       Skin              |     6 |       ||     6
Dodge: Dodged            |    82 |     2 ||    84

Table legend:
 A = Spawn XP
 B = Non-spawn XP
 C = Spawn XP percentage of total XP
 D = Spawn monster count
 E = Non-spawn monster count
 F = Spawn count percentage of total count
 G = Total turns spent on level
                    A         B        C        D         E        F      G
               +---------+---------+-------+---------+---------+-------+---------
         Total |       0 |     286 |   0.0 |       0 |      43 |   0.0 |  1776
               +---------+---------+-------+---------+---------+-------+---------
           D:1 |       0 |      36 |   0.0 |       0 |      22 |   0.0 |  1001
           D:2 |       0 |     250 |   0.0 |       0 |      21 |   0.0 |   775
               +---------+---------+-------+---------+---------+-------+---------
